 Seeded DCSS version 0.30-a0-937-ga0a21ad780 (webtiles) character file.

Game seed: 14888120050964983059 (custom seed)

947 Pimp the Purveyor of Pain (level 7, 0/51 HPs)
             Began as a Demonspawn Necromancer on Mar 24, 2023.
             Was an Initiate of Kikubaaqudgha.
             Slain by a two-headed ogre
             ... wielding a +0 giant club
              (15 damage)
             ... on level 5 of the Dungeon.
             The game lasted 00:21:38 (4842 turns).

Pimp the Purveyor of Pain (Demonspawn Necromancer)  Turns: 4842, Time: 00:21:40

Health: 0/51       AC:  5    Str: 14    XL:     7   Next: 89%
Magic:  12/12      EV: 12    Int: 28    God:    Kikubaaqudgha [......]
Gold:   808        SH:  4    Dex: 11    Spells: 8/13 levels left

rFire   . . .      SeeInvis .    v - staff of death "Morivoki" {rElec rPois rN+ Int+7 Dex-2}
rCold   . . .      Faith    .    (no shield)
rNeg    + . .      Spirit   .    p - +0 leather armour
rPois   +          Reflect  .    e - +0 helmet
rElec   +          Rampage  .    (no cloak)
rCorr   .          Archmagi +    f - +0 pair of gloves
Will    .....                    (no boots)
Stlth   +++                      t - amulet "Hocok" {+Inv Regen+ Int+2 Stlth+}
HPRegen 1.08/turn                w - ring of the Mage {Wiz Archmagi}
MPRegen 0.13/turn                l - +6 ring of strength

@: invisible
A: hooves 1, foul stench 1, condensation shield
a: Renounce Religion, Evoke Invisibility


You were on level 5 of the Dungeon.
You worshipped Kikubaaqudgha.
Kikubaaqudgha was noncommittal.
You visited 1 branch of the dungeon, and saw 5 of its levels.

You collected 1369 gold pieces.
You spent 561 gold pieces at shops.

Inventory:

Hand Weapons
 d - a +0 short sword
 o - the +2 dagger of Fragile Peace {drain, rN+++ Str+3 Int-3 Dex-3}
   (You found it on level 2 of the Dungeon)

   Str:       It affects your strength (+3).
   Int:       It affects your intelligence (-3).
   Dex:       It affects your dexterity (-3).
   rN:        It renders you almost immune to negative energy.
Armour
 a - a +0 robe
 e - a +0 helmet (worn)
 f - a +0 pair of gloves (worn)
 p - a +0 leather armour (worn)
Magical Staves
 v - the staff of death "Morivoki" (weapon) {rElec rPois rN+ Int+7 Dex-2}
   (You acquired it on level 3 of the Dungeon)

   [staff of death]

   Base accuracy: +5 Base damage: 5 Base attack delay: 1.2 This weapon's minimum
   attack delay (0.6) is reached at skill level 12.
   Int:       It affects your intelligence (+7).
   Dex:       It affects your dexterity (-2).
   rElec:     It insulates you from electricity.
   rPois:     It protects you from poison.
   rN:        It protects you from negative energy.
   It falls into the 'Staves' category.
   It is a one-handed weapon.
Jewellery
 h - an amulet of magic regeneration
 l - a +6 ring of strength (right hand)
 q - a ring of willpower
 t - the amulet "Hocok" (around neck) {+Inv Regen+ Int+2 Stlth+}
   (You acquired it on level 3 of the Dungeon)

   [amulet of regeneration]

   Int:       It affects your intelligence (+2).
   +Inv:      It lets you turn invisible.
   Regen:     It increases your rate of health regeneration.
   Stlth:     It makes you more stealthy.
 w - the ring of the Mage (left hand) {Wiz Archmagi}
   (You bought it in a shop on level 3 of the Dungeon)

   [ring of wizardry]

   It improves your spell success rate.
   Archmagi:  It increases the power of your magical spells.
 x - a ring of poison resistance
Wands
 b - a wand of digging (4)
Scrolls
 c - a scroll of blinking {unknown}
 i - 2 scrolls of silence {unknown}
 j - 2 scrolls of vulnerability
 k - 3 scrolls of teleportation {unknown}
 m - 3 scrolls of magic mapping
 n - a scroll of fog
 s - a scroll of brand weapon {unknown}
 u - a scroll of immolation {unknown}
 y - a scroll of enchant armour {unknown}
Potions
 g - 2 potions of curing


   Skills:
 + Level 2.7 Fighting
 + Level 2.4 Staves
 + Level 2.3 Armour
 + Level 3.7 Dodging
 + Level 4.0 Stealth
 + Level 3.9 Spellcasting
 + Level 6.0 Necromancy


You had 8 spell levels left.
You knew the following spells:

 Your Spells              Type           Power      Damage    Failure   Level
a - Necrotise             Necr           100%       1d9       1%          1
b - Animate Dead          Necr           73%        N/A       3%          4

Your spell library contained the following spells:

 Spells                   Type           Power      Damage    Failure   Level
 Vampiric Draining        Necr           73%        2d11      1%          3
 Cigotuvi's Dreadful Rot  Necr/Pois/Air  74%        N/A       2%          2
 Sting                    Tmut/Pois      32%        1d4       4%          1
 Poisonous Vapours        Pois/Air       16%        N/A       6%          2
 Agony                    Necr           73%        N/A       9%          5
 Ignite Poison            Fire/Tmut/Pois 8%         N/A       12%         3
 Kindle Blastsparks       Fire/Tloc/Air  16%        2d11      12%         3
 Mephitic Cloud           Conj/Pois/Air  8%         N/A       12%         3
 Olgreb's Toxic Radiance  Pois           8%         N/A       34%         4
 Freezing Cloud           Conj/Ice/Air   4%         6-21      67%         5


Dungeon Overview and Level Annotations

Branches:
Dungeon (5/15)
 Temple: D:4-7

Altars:
Kikubaaqudgha
Qazlal
Sif Muna

Shops:
D:1 :   D:3 =


Innate Abilities, Weirdness & Mutations

You have large cloven feet.
You may rarely emit foul miasma when damaged in melee.
A meltable shield of frost defends you. (SH +4)


Message History

Kikubaaqudgha accepts your kill.
Your Stealth skill increases to level 4!
You see here an adder corpse.
You open the large door.
There is a large open door here.
An acid dragon and a two-headed ogre come into view.
There is a large open door here.
There is a stone staircase leading up here.
You climb upwards.
There is a stone staircase leading down here.
There is a stone staircase leading down here.
Okay, then.
Okay, then.
You climb downwards.
The two-headed ogre closely misses you.
The two-headed ogre hits you with a +0 giant club!!
There is a stone staircase leading up, spattered with blood here.
Okay, then.
You fade into invisibility!
The two-headed ogre closely misses you. The two-headed ogre barely misses you.
You hit the two-headed ogre.
The two-headed ogre writhes in agony.
You kick the two-headed ogre.
The two-headed ogre is lightly wounded.
You strike the helpless two-headed ogre from behind!
You hit the two-headed ogre but do no damage.
You kick the two-headed ogre.
The two-headed ogre is lightly wounded.
The two-headed ogre hits you with a +0 giant club.
The two-headed ogre barely misses you.
You catch the helpless two-headed ogre completely off-guard!
You hit the two-headed ogre.
The two-headed ogre is lightly wounded.
The two-headed ogre barely misses you. The two-headed ogre closely misses you.
You catch the helpless two-headed ogre completely off-guard!
You hit the two-headed ogre but do no damage.
The two-headed ogre is lightly wounded.
The two-headed ogre hits you with a +0 giant club!
* * * LOW HITPOINT WARNING * * *
The two-headed ogre hits you with a +0 giant club!
You die...
Kikubaaqudgha rasps: "You have failed me!
Welcome... death!"

≈≈≈≈§≈..§≈§≈≈≈§##......
§≈≈§≈§.)§≈≈§§§# +......
#≈≈≈§≈..≈≈§§§# #.###..
#≈≈≈≈§.≈≈≈§#########..
#≈≈§..≈≈≈##.'....#...
####§'####..#....#...
#.......######.##..#
#......##..###.##..#
#..@...#...........#
#..O...#...........+
#.........#####....#
..#######.†....######
... #......# #+#
#......# #......#
########


You could see a two-headed ogre (unable to see you).

Vanquished Creatures
  A black bear (D:4)
  An ice beast (D:5)
  An ogre (D:5)
  A phantom (D:4)
  Blork the orc (D:5)
  A scorpion (D:5)
  2 jellies
  An orc priest (D:3)
  2 sleepcaps (D:5)
  3 iguanas (D:4)
  3 gnolls (D:4)
  3 adders
  3 white imps (D:4)
  2 ufetubi (D:4)
  A worm (D:3)
  7 dart slugs
  7 orcs
  3 bats
  4 endoplasms
  6 giant cockroaches
  7 goblins
  4 hobgoblins
  4 jackals
  8 kobolds
  4 quokkas
  7 ball pythons
  3 frilled lizards
  4 rats
94 creatures vanquished.

Vanquished Creatures (collateral kills)
  A phantom (D:4)
  An endoplasm (D:1)
2 creatures vanquished.

Vanquished Creatures (others)
  A scorpion zombie (D:5)
  An ice beast zombie (D:5)
  An ogre zombie (D:5)
  An adder zombie (D:4)
  An endoplasm zombie (D:4)
5 creatures vanquished.

Grand Total: 101 creatures vanquished

Notes
Turn   | Place    | Note
-------+----------+-------------------------------------------
     0 | D:1      | Pimp the Demonspawn Necromancer began the quest for the
                  | Orb.
     0 | D:1      | Reached XP level 1. HP: 13/13 MP: 3/3
   196 | D:1      | Found Fitz's Book Shoppe.
   248 | D:1      | Gained mutation: You may rarely emit foul miasma when
                  | damaged in melee. [demonic ancestry]
   248 | D:1      | Reached XP level 2. HP: 19/19 MP: 1/5
   733 | D:1      | Found a faded altar of an unknown god.
   769 | D:1      | Reached XP level 3. HP: 11/24 MP: 3/6
  1134 | D:2      | Identified the +2 dagger of Fragile Peace {drain, rN+++
                  | Str+3 Int-3 Dex-3}
  2321 | D:3      | Identified 3 scrolls of acquirement
  2321 | D:3      | Acquired the staff of death "Morivoki" {rElec rPois rN+
                  | Int+7 Dex-2}
  2324 | D:3      | Acquired 1153 gold pieces
  2326 | D:3      | Acquired the amulet "Hocok" {+Inv Regen+ Int+2 Stlth+}
  2354 | D:3      | Found Irhayteu's Jewellery Boutique.
  2373 | D:3      | Bought the ring of the Mage {Wiz Archmagi} for 561 gold
                  | pieces
  2373 | D:3      | Found the ring of the Mage {Wiz Archmagi}
  2407 | D:3      | Gained mutation: You have large cloven feet. [demonic
                  | ancestry]
  2407 | D:3      | Reached XP level 4. HP: 28/30 MP: 7/7
  2596 | D:3      | Reached skill level 5 in Necromancy
  2678 | D:3      | Learned a level 4 spell: Animate Dead
  2967 | D:4      | Noticed a black bear
  2978 | D:4      | Killed a black bear
  2979 | D:4      | Reached skill level 1 in Fighting
  2979 | D:4      | Reached skill level 1 in Staves
  2979 | D:4      | Reached skill level 1 in Armour
  2979 | D:4      | Gained mutation: A meltable shield of frost defends you.
                  | (SH +4) [demonic ancestry]
  2979 | D:4      | Reached XP level 5. HP: 20/37 MP: 0/9
  3222 | D:4      | Reached XP level 6. HP: 36/43 MP: 0/10
  3462 | D:4      | Found an ancient bone altar of Kikubaaqudgha.
  3473 | D:4      | Became a worshipper of Kikubaaqudgha
  3718 | D:4      | Found a stormy altar of Qazlal.
  3769 | D:4      | Reached XP level 7. HP: 24/50 MP: 12/12
  4295 | D:5      | Entered Level 5 of the Dungeon
  4481 | D:5      | Found a shimmering blue altar of Sif Muna.
  4495 | D:5      | Noticed Blork the orc
  4526 | D:5      | Killed Blork the orc
  4605 | D:5      | Reached skill level 6 in Necromancy
  4820 | D:5      | Noticed a two-headed ogre
  4842 | D:5      | Slain by a two-headed ogre

Illustrated notes

Levels and vault maps discovered:
D:1:      elethiomel_arrival_maze, layout_loops_ring, serial_shops,
          nicolae_lakefront_shop, hellmonk_ecumenical_altar_arch_garden,
          nicolae_concentric_dashed_squares_mild
D:2:      layout_basic
D:3:      layout_basic, serial_shops, nicolae_shop_stone
D:4:      minmay_chambers_of_threes, layout_loops_corners,
          mainiacjoe_overflow_surrounded_room, kiku_gazebo_garden_becter,
          serial_demonic, serial_demonic_c, serial_demonic_b, serial_demonic_e,
          serial_demonic_e, kennysheep_nondescript
D:5:      kennysheep_big_flooded_room, layout_gridville, lemuel_tele_altar,
          uniq_pikel, uniq_blork_the_orc

Skill      XL: |  1  2  3  4  5  6  7 |
---------------+----------------------+-----
Stealth        | 2 3 4 |  4.0
Dodging        | 2 3 |  3.7
Necromancy     | 5 6 |  6.0
Fighting       | 1 2 |  2.7
Staves         | 1 2 |  2.4
Armour         | 1 2 |  2.3
Spellcasting   | 3 |  3.9

Action                     |  1- 3 |  4- 6 |  7- 9 || total
---------------------------+-------+-------+-------++-------
  Melee: Short sword       |    48 |       |       ||    48
         Unarmed           |     2 |       |       ||     2
         Dagger            |    39 |       |       ||    39
         Staff             |    18 |   142 |   105 ||   265
         Kick              |       |    34 |    40 ||    74
         Punch             |       |     4 |     4 ||     8
   Cast: Necrotise         |    26 |    38 |     4 ||    68
         Animate Dead      |       |     3 |     2 ||     5
    Use: Scroll            |     3 |     7 |       ||    10
         Potion            |       |     4 |     1 ||     5
   Stab: Sleeping          |     4 |    10 |     3 ||    17
         Distracted        |     1 |     1 |       ||     2
         Invisible         |       |       |     3 ||     3
 Armour: Robe              |    23 |       |       ||    23
         Leather armour    |    24 |    35 |    39 ||    98
  Dodge: Dodged            |    87 |    91 |    84 ||   262
  Block: Other             |       |    17 |    20 ||    37

Table legend: (Time is in decaauts)
 A = Elapsed time spent in this place.
 B = Non-inter-level travel time spent in this place.
 C = Inter-level travel time spent in this place.
 D = Time resting spent in this place.
 E = Time spent auto-exploring this place.
 F = Levels seen in this place.
 G = Mean time per level.
                   A        B        C        D        E       F      G
               +--------+--------+--------+--------+--------+-----+--------+
         Total |   4875 |   4616 |    259 |    361 |   3050 |   5 |  975.0 |
       Dungeon |   4875 |   4616 |    259 |    361 |   3050 |   5 |  975.0 |
               +--------+--------+--------+--------+--------+-----+--------+

Top non-repeatable levels by time:
     D:4: 1421 daAuts
     D:2: 1154 daAuts
     D:1: 1106 daAuts
     D:3: 648 daAuts
     D:5: 544 daAuts
